 Dungeon Crawl Stone Soup version 0.24.0-10-g970556be89 (webtiles) character file.

Game seed: 8236614148780642337, levelgen mode: deterministic

17 LostNumber the Vandal (level 2, 0/19 HPs)
             Began as an Octopode Hunter on Nov 3, 2019.
             Slain by a hobgoblin
             ... wielding a +0 club
              (2 damage)
             ... on level 1 of the Dungeon.
             The game lasted 00:00:38 (226 turns).

LostNumber the Vandal (Octopode Hunter)              Turns: 226, Time: 00:00:40

Health: 0/19       AC:  1    Str: 11    XL:     2   Next: 62%
Magic:  2/2        EV: 13    Int: 13    God:
Gold:   40         SH:  0    Dex: 12    Spells: 1/1 levels left

rFire    . . .     SeeInvis .   b - +0 short sword
rCold    . . .     Gourm    .   (no shield)
rNeg     . . .     Faith    .   (helmet restricted)
rPois    .         Spirit   .   (no amulet)
rElec    .         Reflect  .   (no ring)
rCorr    .         Harm     .   (no ring)
MR       .....                  (no ring)
Stlth    +++.......             (no ring)
HPRegen  0.06/turn              (no ring)
MPRegen  0.08/turn              (no ring)
                                (no ring)
                                (no ring)

@: no status effects
A: almost no armour, stealthy swim, amphibious, 8 rings, constrict 8, camouflage
1, gelatinous body 1
a: no special abilities


You were on level 1 of the Dungeon.
You were not hungry.

You visited 1 branch of the dungeon, and saw 1 of its levels.

You collected 40 gold pieces.

Inventory:

Hand Weapons
 a - a +1 hunting sling
 b - a +0 short sword (weapon)
Missiles
 c - 19 sling bullets
Scrolls
 g - a scroll of teleportation {unknown}
 i - a scroll of random uselessness {unknown}
Potions
 f - a potion of agility {unknown}
 h - 3 potions of haste {unknown}
Comestibles
 d - 8 chunks of flesh
 e - a ration {!d}


   Skills:
 + Level 2.3 Fighting
 * Level 4.3 Slings
 - Level 2.0 Dodging
 + Level 2.1 Stealth


You had one spell level left.
You didn't know any spells.
Your spell library was empty.

Dungeon Overview and Level Annotations

Branches:
Dungeon (1/15)

Altars:


Innate Abilities, Weirdness & Mutations

You cannot wear most types of armour.
You are very stealthy in the water. (Stealth+)
You are amphibious.
You can wear up to eight rings at the same time.
You can use your tentacles to constrict eight enemies at once.
Your skin changes colour to match your surroundings (Stealth+).
Your rubbery body absorbs attacks. (AC +1, EV +1)


Message History

You squeeze the giant cockroach, but do no damage.
You constrict the giant cockroach. The giant cockroach bites you.
The hobgoblin hits you but does no damage.
You hit the giant cockroach but do no damage.
You constrict the giant cockroach.
You kill the giant cockroach!
The bat closely misses you. The hobgoblin barely misses you.
The ball python bites you but does no damage.
The ball python barely misses you.
You closely miss the ball python. Your grab misses the ball python.
The bat hits you but does no damage. The ball python closely misses you.
The ball python misses you. The hobgoblin hits you with a +0 club.
There are monsters nearby!
You barely miss the ball python. You grab the ball python.
You constrict the ball python, but do no damage.
The bat closely misses you. The ball python bites you.
The ball python barely misses you. The kobold closely misses you.
The hobgoblin misses you. The ball python closely misses you.
The ball python misses you.
You hit the ball python. You constrict the ball python. The bat hits you.
The kobold misses you. The hobgoblin misses you. The ball python bites you.
The ball python grabs you. The ball python constricts you. The kobold hits you.
* * * LOW HITPOINT WARNING * * *
You escape the ball python's grasp.
You release your grip on the ball python.
The bat closely misses you. The bat closely misses you.
Unknown command.
The bat hits you.
* * * LOW HITPOINT WARNING * * *
The bat hits you but does no damage.
You hit the ball python.
You kill the ball python!
The bat hits you but does no damage. The hobgoblin barely misses you.
The kobold hits you.
* * * LOW HITPOINT WARNING * * *
You closely miss the kobold. Your grab misses the kobold.
The bat hits you but does no damage. The hobgoblin closely misses you.
The kobold barely misses you.
Unknown command.
You hit the bat. You grab the bat. You constrict the bat.
The bat closely misses you.
The bat struggles to escape constriction.
The bat escapes!
The hobgoblin barely misses you. The kobold misses you.
Unknown command.
You barely miss the kobold. You grab the kobold. You constrict the kobold.
The kobold hits you.
* * * LOW HITPOINT WARNING * * *
The hobgoblin hits you with a +0 club.
You die...

>..........# ##.####
...........# #+# #..# #
...........# ##.###.## #
...........# #.......# #
.......†.(.#####.)####...##
...........##....## ##..#
.........?.#..##..#### ..#
.........Kg######....# ##
.###.###bK@# #<##...# # #..
#.################## ..?
#.###.............^. ##.
#..####..(####.....# #.
#..##..###..## #...#.#
#..........#####...#..
###...>##.##......###.
#..#........#....(...
#.....................÷


You could see a hobgoblin, a bat and 2 kobolds.

Vanquished Creatures
  A leopard gecko (D:1)
  3 bats (D:1)
  A giant cockroach (D:1)
  A hobgoblin (D:1)
  2 jackals (D:1)
  2 ball pythons (D:1)
  3 frilled lizards (D:1)
  A kobold (D:1)
  2 rats (D:1)
16 creatures vanquished.

Notes
Turn   | Place    | Note
-------+----------+-------------------------------------------
     0 | D:1      | LostNumber the Octopode Hunter began the quest for the Orb.
     0 | D:1      | Reached XP level 1. HP: 14/14 MP: 1/1
    87 | D:1      | Reached XP level 2. HP: 18/19 MP: 2/2
   226 | D:1      | Slain by a hobgoblin

Levels and vault maps discovered:
D:1:      dpeg_arrival_round_a, layout_rooms, minmay_tree_intersection,
          chequers_serial_rivers_marsh

Skill      XL: |  1  2 |
---------------+-------+-----
Stealth        | 2 |  2.1
Fighting       | |  2.3
Slings         | |  4.3
Dodging        | |  2.0

Action                   || total
-------------------------++-------
Melee: Short sword       ||    27
       Constrict         ||     9
       Tentacles         ||     4
 Fire: Hunting sling     ||     6
 Stab: Sleeping          ||     5
Armor: Skin              ||     7
Dodge: Dodged            ||    34
